 Dungeon Crawl Stone Soup version 0.19-a0-505-g8266cc7 (webtiles) character file.

853 shmeve the Shield-Bearer (level 7, 0/63 HPs)
             Began as a Minotaur Fighter on June 5, 2016.
             Was a Believer of Uskayaw.
             Slain by emerson's ghost (9 damage)
             ... on level 5 of the Dungeon.
             The game lasted 00:08:30 (4198 turns).

shmeve the Shield-Bearer (Minotaur Fighter)         Turns: 4198, Time: 00:08:30

Health: 0/63       AC:  9    Str: 22    XL:     7   Next: 70%
Magic:  3/6        EV:  9    Int:  5    God:    Uskayaw [**....]
Gold:   109        SH: 10    Dex: 10    Spells: 0 memorised, 6 levels left

rFire  . . .     SeeInvis .     a - +0 war axe
rCold  . . .     Gourm    .     b - +0 scale mail
rNeg   . . .     Faith    .     c - +0 shield
rPois  .         Spirit   .     (helmet restricted)
rElec  .         Dismiss  .     x - +0 cloak
rCorr  .         Reflect  .     h - +0 pair of gloves
SustAt .         Harm     .     (no boots)
MR     .....                    (no amulet)
Stlth  ..........               (no ring)
                                (no ring)

@: not resistant to hostile enchantments, extremely unstealthy
A: retaliatory headbutt, horns 2
a: Stomp, Line Pass, Renounce Religion


You were on level 5 of the Dungeon.
You worshipped Uskayaw.
Uskayaw was pleased with you.
You were hungry.

You visited 2 branches of the dungeon, and saw 6 of its levels.

You collected 109 gold pieces.

Inventory:

Hand Weapons
 a - a +0 war axe (weapon)
Armour
 b - a +0 scale mail (worn)
 c - a +0 shield (worn)
 h - a +0 pair of gloves (worn)
 x - a +0 cloak (worn)
Scrolls
 e - 3 scrolls of remove curse
 k - 3 scrolls of identify {unknown}
 l - a scroll of recharging {unknown}
 m - 3 scrolls of fog {unknown}
 o - 3 scrolls of enchant weapon {unknown}
 p - a scroll of enchant armour {unknown}
 r - a scroll of immolation {unknown}
 u - a scroll of blinking {unknown}
 v - a scroll of teleportation {unknown}
Potions
 i - 2 potions of curing
 j - a potion of magic {unknown}
 n - 2 potions of heal wounds {unknown}
 q - a potion of cancellation {unknown}
 s - a potion of beneficial mutation {unknown}
 t - a potion of degeneration {unknown}
Books
 d - a book of the Warp

   Spells                             Type                      Level
   a - Recall                         Summoning/Translocation      3
   b - Gell's Gravitas                Hexes/Translocation          3
   c - Force Lance                    Conjuration/Translocation    4
   d - Warp Weapon                    Charms/Translocation         5
   e - Summon Forest                  Summoning/Translocation      5
Comestibles
 f - 4 bread rations
 g - 3 meat rations


   Skills:
 * Level 6.0 Fighting
 * Level 6.0 Axes
 + Level 5.0 Armour
 + Level 2.7 Dodging
 * Level 6.4 Shields
 + Level 1.1 Invocations


You had 6 spell levels left.
You didn't know any spells.

Dungeon Overview and Level Annotations

Branches:
Dungeon (5/15)             Temple (1/1) D:4

Altars:
Ashenzari
Cheibriados
Dithmenos
Elyvilon
Fedhas
Gozag
Hepliaklqana
Kikubaaqudgha
Makhleb
Nemelex Xobeh
Okawaru
Qazlal
Ru
Sif Muna
Trog
Uskayaw
Vehumet
Zin

Annotations:
D:5 emerson's ghost, novice CeFi


Innate Abilities, Weirdness & Mutations

You reflexively headbutt those who attack you in melee.
You have a pair of horns on your head.


Message History

Emerson's ghost is heavily damaged.
Emerson's ghost hits you.
You can now pass through a line of other dancers.
You hit emerson's ghost but do no damage.
You headbutt emerson's ghost, but do no damage.
Emerson's ghost is heavily damaged.
You block emerson's ghost's attack.
You hit emerson's ghost.
Emerson's ghost is heavily damaged.
Emerson's ghost hits you!
* * * LOW HITPOINT WARNING * * *
You hit emerson's ghost but do no damage.
Emerson's ghost is heavily damaged.
Emerson's ghost hits you.
* * * LOW HITPOINT WARNING * * *
You block emerson's ghost's attack.
You hit emerson's ghost but do no damage.
Emerson's ghost is heavily damaged.
Emerson's ghost hits you!
You die...

#.....).#.##.#
#......<#.##.#
#.......#.##.#
.####.......#.##.#
........†...)....#
..........(.#.##.#
######......#.##>#
######(#.##.#
#@#.##.# #W#.##.#
#######.#.##.##
..............#
#######÷#.#####
#####.#........
#.....#######..
+....<......#
#....####....


You could see emerson's ghost.

Vanquished Creatures
  Grinder (D:5)
  The ghost of shmeve the Skirmisher, an amateur MiFi (D:4)
  A centaur (D:3)
  A scorpion (D:4)
  A hound (D:5)
  Crazy Yiuf (D:4)
  Terence (D:2)
  2 orc wizards
  5 worker ants
  A gnoll (D:5)
  2 adders
  An adder zombie (D:5)
  4 worms
  4 dart slugs
  3 giant geckos
  10 orcs
  3 ball pythons
  2 giant cockroaches (D:4)
  8 goblins
  5 hobgoblins
  4 jackals (D:2)
  2 quokkas (D:4)
  4 bats
  A giant gecko skeleton (D:4)
  3 giant newts
  5 kobolds
  6 rats
82 creatures vanquished.

Notes
Turn   | Place    | Note
--------------------------------------------------------------
     0 | D:1      | shmeve the Minotaur Fighter began the quest for the Orb.
     0 | D:1      | Reached XP level 1. HP: 19/19 MP: 0/0
   132 | D:1      | Reached XP level 2. HP: 21/27 MP: 1/1
   811 | D:2      | Reached XP level 3. HP: 33/33 MP: 2/2
  1106 | D:2      | Noticed Terence
  1111 | D:2      | Killed Terence
  1111 | D:2      | Reached skill level 1 in Dodging
  1168 | D:2      | Reached XP level 4. HP: 40/40 MP: 3/3
  1380 | D:2      | Found a bloodstained altar of Trog.
  1585 | D:2      | You fall through a shaft!
  1687 | D:3      | Noticed a centaur
  1700 | D:3      | Killed a centaur
  1700 | D:3      | Reached XP level 5. HP: 15/47 MP: 4/4
  2025 | D:3      | Found a sparkling altar of Nemelex Xobeh.
  2433 | D:4      | Found a shattered altar of Ashenzari.
  2435 | D:4      | Noticed shmeve's ghost (amateur MiFi)
  2628 | D:4      | Found a staircase to the Ecumenical Temple.
  2634 | D:4      | Reached skill level 5 in Fighting
  2653 | Temple   | Entered the Ecumenical Temple
  2896 | Temple   | Became a worshipper of Uskayaw the Reveler
  2966 | D:4      | Reached * piety under Uskayaw
  2969 | D:4      | Reached skill level 5 in Shields
  2969 | D:4      | Reached XP level 6. HP: 56/56 MP: 5/5
  2971 | D:4      | Found a radiant altar of Vehumet.
  3006 | D:4      | Reached ** piety under Uskayaw
  3008 | D:4      | Killed shmeve's ghost
  3008 | D:4      | Reached skill level 5 in Axes
  3497 | D:4      | Noticed Crazy Yiuf
  3508 | D:4      | Killed Crazy Yiuf
  3836 | D:4      | Reached XP level 7. HP: 48/61 MP: 6/6
  3893 | D:5      | Entered Level 5 of the Dungeon
  3913 | D:5      | Noticed Grinder
  3926 | D:5      | Paralysed by Grinder for 6 turns
  3937 | D:5      | Reached *** piety under Uskayaw
  3939 | D:5      | Paralysed by Grinder for 6 turns
  3948 | D:5      | Killed Grinder
  3948 | D:5      | Reached skill level 5 in Armour
  3948 | D:5      | Reached skill level 1 in Invocations
  4183 | D:5      | Noticed emerson's ghost (novice CeFi)
  4198 | D:5      | Slain by emerson's ghost

Vault maps used:
D:1:      minmay_arrival_glassed_features
D:2:      nicolae_overflow_hidden_temple, uniq_terence
D:3:      nemelex_deck, first_bread
D:4:      lemuel_doored_altar, nicolae_ashenzari_panopticon,
          minmay_temple_entry_mist, uniq_crazy_yiuf_cottage
D:5:      kennysheep_nondescript, grunt_decor_resistance, uniq_grinder,
          uniq_edmund
Temple:   minmay_temple_curvy_14

Skill      XL: |  1  2  3  4  5  6  7 |
---------------+----------------------+-----
Axes           | 3 4 5 6 |  6.0
Shields        | 4 5 6 |  6.4
Fighting       | 4 5 6 |  6.0
Armour         | 4 5 |  5.0
Dodging        | 1 2 |  2.7
Invocations    | 1 |  1.1

Action                   |  1- 3 |  4- 6 |  7- 9 || total
-------------------------+-------+-------+-------++-------
Melee: War axe           |    63 |   130 |    37 ||   230
       Headbutt          |     7 |    22 |     7 ||    36
Invok: Stomp             |       |       |     1 ||     1
  Use: Scroll            |       |     1 |       ||     1
       Potion            |       |     1 |     1 ||     2
  Eat: Chunk             |       |     9 |     1 ||    10
Armor: Scale mail        |    44 |    39 |    11 ||    94
Dodge: Dodged            |    15 |    39 |    16 ||    70
Block: Shield            |    31 |    75 |    24 ||   130
